 Dungeon Crawl Stone Soup version 0.28.0-45-g0d030f2227 (webtiles) character file.

Game seed: 5036011363541364178

378 MisterFreud the Changer (level 6, -4/52 HPs)
             Began as a Draconian Transmuter on May 2, 2022.
             Was an Initiate of Ru.
             Slain by a steam dragon (6 damage)
             ... on level 4 of the Dungeon.
             The game lasted 00:05:18 (4902 turns).

MisterFreud the Changer (Draconian Transmuter)      Turns: 4902, Time: 00:05:19

Health: -4/52      AC:  2    Str: 12    XL:     6   Next: 45%
Magic:  3/9        EV: 19    Int: 16    God:    Ru [......]
Gold:   181        SH:  0    Dex: 16    Spells: 4/9 levels left

rFire   . . .      SeeInvis .     - Unarmed
rCold   . . .      Faith    .   (shield currently unavailable)
rNeg    . . .      Spirit   .   (armour unavailable)
rPois   x          Reflect  .   (helmet currently unavailable)
rElec   .          Harm     .   (cloak currently unavailable)
rCorr   .          Rampage  .   (gloves currently unavailable)
Will    .....                   (boots currently unavailable)
Stlth   +.........              (no amulet)
HPRegen 0.17/turn               (no ring)
MPRegen 0.11/turn               (no ring)

@: spider-form (expiring)
A: venomous fangs, AC +6, tiny, unfitting armour, (cold-blooded)
a: End Transformation, Renounce Religion


You were on level 4 of the Dungeon.
You worshipped Ru.
Ru was noncommittal.
You were a venomous arachnid creature.
You visited 2 branches of the dungeon, and saw 5 of its levels.
You also visited: Sewer.

You collected 181 gold pieces.

Inventory:

Missiles
 g - 2 boomerangs
 o - 3 poisoned darts
Scrolls
 b - 5 scrolls of teleportation
 d - 5 scrolls of identify
 e - 4 scrolls of amnesia
 k - a scroll of torment {unknown}
 l - a scroll of enchant weapon {unknown}
 m - a scroll of enchant armour {unknown}
 n - a scroll of noise {unknown}
Potions
 a - a potion of might {unknown}
 c - a potion of brilliance {unknown}
 f - a potion of mutation {unknown}
 i - 2 potions of lignification
 j - 2 potions of attraction {unknown}


   Skills:
 - Level 4.0 Fighting
 - Level 1.7 Dodging
 + Level 4.3 Unarmed Combat
 - Level 2.0 Spellcasting
 - Level 5.0 Transmutations


You had 4 spell levels left.
You knew the following spells:

 Your Spells              Type           Power      Damage    Failure   Level
b - Wereblood             Tmut           17%        N/A       13%         2
c - Spider Form           Tmut/Pois      9%         N/A       43%         3

Your spell library contained the following spells:

 Spells                   Type           Power      Damage    Failure   Level
 Beastly Appendage        Tmut           34%        N/A       10%         1
 Ice Form                 Ice/Tmut       9%         N/A       78%         4


Dungeon Overview and Level Annotations

Branches:
Dungeon (4/15)             Temple (1/1) D:4           Sewer (visited)

Altars:
Ashenzari
Cheibriados
Dithmenos
Elyvilon
Fedhas
Gozag
Hepliaklqana
Kikubaaqudgha
Makhleb
Nemelex Xobeh
Qazlal
Ru
Sif Muna
Uskayaw
Vehumet
Wu Jian
Xom
Yredelemnul
Zin
The Shining One


Innate Abilities, Weirdness & Mutations

You are a venomous arachnid creature.
You have poisonous fangs.
You are tiny and dextrous.
Your spellcasting is less reliable in this form.
Your armour is entirely melded.
You are incapable of wielding weapons or throwing items.
((Your plain brown scales are hard. (AC +6)))
You cannot fit into any form of body armour.
((You are cold-blooded and may be slowed by cold attacks.))


Message History

The steam dragon is lightly wounded.
The steam dragon breathes steam at you. The ball of steam misses you.
The steam dragon barely misses you. The steam dragon completely misses you.
You barely miss the steam dragon.
The steam dragon is lightly wounded.
The steam dragon misses you. The steam dragon closely misses you.
Press: ? - help, v - describe, . - travel
Here: a steam dragon (lightly wounded, poisoned, catching its breath)
The floor.
Unknown command.
Unknown command.
Unknown command.
You feel much better.
Your transformation has ended.
The steam dragon bites you but does no damage.
The steam dragon claws you but does no damage.
Unknown command.
Casting: Spider Form (dangerous; 22% risk of failure)
Confirm with . or Enter, or press ? or * to list all spells.
You turn into a venomous arachnid creature.
Your transformation is almost over.
The steam dragon closely misses you. The steam dragon barely misses you.
You barely miss the steam dragon.
The steam dragon is lightly wounded.
The steam dragon breathes steam at you. The ball of steam hits you!!
* * * LOW HITPOINT WARNING * * *
The steam dragon barely misses you. The steam dragon misses you.
You completely miss the steam dragon.
The steam dragon is lightly wounded.
You are engulfed in a cloud of scalding steam.
You hit the steam dragon.
The steam dragon looks as sick as possible!
The steam dragon is moderately wounded.
You are engulfed in a cloud of scalding steam.
* * * LOW HITPOINT WARNING * * *
The steam dragon completely misses you. x2
The steam dragon bites you.
You die...

#.### #.....#.###.
##...###...###...#
###.....#.###.#(....
##..#...#...#...#...#
...#####)..#...#####
# #.#..)#)..#...# #
##)####..)))#)###.#.
.
......##)..###...###.
.# #..s###.# .#.. ##
##§D.§.## .. ##
##§##.# ♣♣♣ #§# # ♣§#
... ♣##


You could see a steam dragon (extremely poisoned, catching breath).

Vanquished Creatures
  An ogre (D:3)
  A hound (D:2)
  A jelly (D:2)
  An orc priest (D:4)
  A hound skeleton (D:4)
  5 adders
  2 river rats (Sewer)
  3 worms
  4 dart slugs
  7 orcs (D:4)
  9 bats
  8 endoplasms
  6 giant cockroaches
  5 goblins
  10 hobgoblins
  A jackal (D:2)
  A quokka (D:1)
  13 ball pythons
  3 frilled lizards (Sewer)
  6 kobolds
  15 rats
103 creatures vanquished.

Vanquished Creatures (others)
  2 plants (D:4)
2 creatures vanquished.

Grand Total: 105 creatures vanquished

Notes
Turn   | Place    | Note
-------+----------+-------------------------------------------
     0 | D:1      | MisterFreud the Draconian Transmuter began the quest for
                  | the Orb.
     0 | D:1      | Reached XP level 1. HP: 16/16 MP: 3/3
   199 | D:1      | Reached XP level 2. HP: 20/23 MP: 3/5
   259 | D:1      | Learned a level 2 spell: Wereblood
   341 | D:1      | Reached skill level 3 in Transmutations
   866 | D:1      | Found a faded altar of an unknown god.
   962 | D:1      | Reached XP level 3. HP: 28/28 MP: 2/6
  1374 | D:2      | Reached skill level 4 in Transmutations
  2002 | D:1      | Reached XP level 4. HP: 35/35 MP: 7/7
  2006 | D:1      | Learned a level 3 spell: Spider Form
  2025 | D:2      | HP: 1/35 [acid (5)]
  2030 | D:2      | Reached skill level 5 in Transmutations
  2377 | D:2      | Found a shadowy altar of Dithmenos.
  2533 | D:3      | Found a glowing drain.
  2547 | D:3      | Reached XP level 5. HP: 38/41 MP: 5/8
  2575 | Sewer    | Entered a sewer
  3541 | Sewer    | Identified the +4 chain mail of a wizard's laboratory
                  | {rPois Int+2 Dex-5}
  3745 | D:3      | Noticed an ogre
  3757 | D:3      | Killed an ogre
  3758 | D:3      | Reached XP level 6. HP: 49/52 MP: 6/9
  4355 | D:4      | Found a staircase to the Ecumenical Temple.
  4379 | Temple   | Entered the Ecumenical Temple
  4620 | Temple   | Became a worshipper of Ru the Awakened
  4883 | D:4      | Noticed a steam dragon
  4901 | D:4      | HP: 2/52 [steam dragon] (9)]
  4902 | D:4      | Slain by a steam dragon

Illustrated notes

Levels and vault maps discovered:
D:1:      matt_arrival_refuge, layout_loops_ring,
          ebering_ecumenical_altar_petrified
D:2:      layout_basic, basic_altar, chequers_hall_statues_y,
          minmay_divided_ellipse
D:3:      layout_loops_ring, gup_sewer_entry_glass
D:4:      nicolae_cairo_tiling, layout_loops_ring,
          minmay_temple_entry_glassed_door, serial_forest,
          infiniplex_forest_lined_3_way, infiniplex_forest_clump_double,
          infiniplex_forest_corner_1, infiniplex_forest_clump_medium,
          infiniplex_forest_straight_5, infiniplex_forest_corner_2,
          infiniplex_forest_join, uniq_grinder, uniq_menkaure
Temple:   mainiacjoe_temple_starburst

Skill      XL: |  1  2  3  4  5  6 |
---------------+-------------------+-----
Transmutations | 3 4 5 |  5.0
Fighting       | 2 4 |  4.0
Unarmed Combat | 4 |  4.3
Dodging        | |  1.7
Spellcasting   | |  2.0

Action                   |  1- 3 |  4- 6 || total
-------------------------+-------+-------++-------
Melee: Unarmed           |   136 |   251 ||   387
       Headbutt          |    12 |       ||    12
       Kick              |    16 |     1 ||    17
       Tailslap          |    14 |    24 ||    38
       Punch             |     3 |     6 ||     9
 Cast: Beastly Appendage |    16 |     2 ||    18
       Wereblood         |     3 |     3 ||     6
       Spider Form       |       |     7 ||     7
  Use: Scroll            |     1 |     6 ||     7
       Potion            |       |     2 ||     2
 Stab: Sleeping          |     2 |     5 ||     7
Armor: Skin              |    47 |    71 ||   118
Dodge: Dodged            |    91 |   173 ||   264
